 Seeded DCSS version 0.30-a0-377-g5cb311bc9f (webtiles) character file.

Game seed: 20221139 (custom seed)

156 McGhostyFace the Ducker (level 5, -19/43 HPs)
             Began as a Gnoll Wanderer on Nov 30, 2022.
             Was a Follower of Ashenzari.
             Killed from afar by a steam dragon (24 damage)
             ... with a ball of steam
             ... on level 4 of the Dungeon.
             The game lasted 00:06:24 (2624 turns).

McGhostyFace the Ducker (Gnoll Wanderer)            Turns: 2624, Time: 00:06:25

Health: -19/43     AC:  5    Str:  8    XL:     5   Next: 37%
Magic:  9/9        EV: 15    Int: 17    God:    Ashenzari [*.....]
Gold:   172        SH:  0    Dex: 15    Spells: 9/10 levels left

rFire   x . .      SeeInvis .    u - +8 sling of Apeoromancy {flame, Fragile rN+ Dex+4, Cun, Range} (curse)
rCold   + . .      Faith    .    (no shield)
rNeg    + . .      Spirit   .    e - +0 leather armour
rPois   .          Reflect  .    (no helmet)
rElec   .          Harm     .    o - +0 cloak
rCorr   .          Rampage  .    x - +0 pair of gloves of the Astral Asceticism {Range, Evo} (curse)
Will    .....                    (no boots)
Stlth   +++.......               (no amulet)
HPRegen 0.27/turn                g - ring of ice
MPRegen 0.11/turn                (no ring)

@: no status effects
A: fangs 1, strong nose, distributed training
a: Renounce Religion, Shatter the Chains


You were on level 4 of the Dungeon.
You worshipped Ashenzari.
Ashenzari was aware of your devotion.
You visited 1 branch of the dungeon, and saw 4 of its levels.

You collected 172 gold pieces.

Inventory:

Hand Weapons
 a - a +0 dagger
 f - a +0 short sword
 u - the cursed +8 sling of Apeoromancy (weapon) {flame, Fragile rN+ Dex+4, Cun, Range}
   (You found it on level 3 of the Dungeon)

   Any ammunition fired from it burns those it strikes, dealing additional fire
   damage.
   Dex:       It affects your dexterity (+4).
   rN:        It protects you from negative energy.
   Fragile:   It will be destroyed if unequipped.
   It has a curse which improves the following skills: Cunning: Dodging and
   Stealth.
   Ranged Combat: Ranged Weapons and Throwing.
Missiles
 b - 4 throwing nets
Armour
 e - a +0 leather armour (worn)
 o - a +0 cloak (worn)
 x - the cursed +0 pair of gloves of the Astral Asceticism (worn) {Range, Evo}
   (You found it on level 3 of the Dungeon)

   It has a curse which improves the following skills: Ranged Combat: Ranged
   Weapons and Throwing.
   Evocations: Evocations.
Jewellery
 g - a ring of ice (left hand)
 n - a +4 ring of slaying
 p - a +4 ring of protection
Wands
 B - a wand of iceblast (6)
Scrolls
 d - 2 scrolls of fear
 h - a scroll of immolation
 i - 5 scrolls of identify
 j - a scroll of magic mapping
 l - a scroll of torment
 m - 3 scrolls of teleportation
 q - 2 scrolls of poison
 v - a scroll of enchant weapon
 w - a scroll of butterflies
 y - a scroll of vulnerability
 A - a scroll of amnesia
Potions
 c - 3 potions of curing
 k - a potion of brilliance
 r - 2 potions of mutation
 s - a potion of heal wounds
 t - a potion of ambrosia
 z - a potion of haste


   Skills:
 + Level 4.8 Fighting
 + Level 1.5 Short Blades
 + Level 1.5 Long Blades
 + Level 1.5 Axes
 + Level 1.5 Maces & Flails
 + Level 1.5 Polearms
 + Level 1.5 Staves
 + Level 1.5(2.5) Ranged Weapons
 + Level 1.5(2.5) Throwing
 + Level 3.0 Armour
 + Level 6.7(7.6) Dodging
 + Level 4.4(5.2) Stealth
 + Level 1.5 Shields
 + Level 1.5 Unarmed Combat
 + Level 3.2 Spellcasting
 + Level 1.2 Conjurations
 + Level 1.2 Hexes
 + Level 1.2 Summonings
 + Level 2.4 Necromancy
 + Level 1.2 Translocations
 + Level 1.2 Transmutations
 + Level 1.2 Fire Magic
 + Level 1.2 Ice Magic
 + Level 1.2 Air Magic
 + Level 1.2 Earth Magic
 + Level 1.2 Poison Magic
 + Level 1.7 Invocations
 + Level 1.5(2.1) Evocations


You had 9 spell levels left.
You knew the following spells:

 Your Spells              Type           Power      Damage    Failure   Level
a - Necrotise             Necr           44%        1d6       9%          1

Your spell library contained the following spells:

 Spells                   Type           Power      Damage    Failure   Level
 Magic Dart               Conj           24%        1d4       14%         1
 Sandblast                Erth           12%        2d6       14%         1
 Call Imp                 Summ           6%         N/A       22%         2
 Passwall                 Tmut/Erth      5%         N/A       22%         2
 Vampiric Draining        Necr           11%        2d6       26%         3
 Mephitic Cloud           Conj/Pois/Air  6%         N/A       41%         3
 Stone Arrow              Conj/Erth      12%        3d7       41%         3


Dungeon Overview and Level Annotations

Branches:
Dungeon (4/15)             Temple (0/1) D:4

Altars:
Ashenzari


Innate Abilities, Weirdness & Mutations

You have very sharp teeth.
Your uncanny sense of smell can sniff out nearby items.
Your experience applies equally to all skills.


Message History

The steam dragon is heavily wounded.
You shoot a sling bullet. The sling bullet hits the steam dragon!
The sling bullet burns the steam dragon.
The steam dragon is almost dead.
The steam dragon breathes steam at you. The ball of steam misses you.
You shoot a sling bullet.
The sling bullet barely misses the steam dragon.
You are engulfed in a cloud of scalding steam.
The steam dragon barely misses you. The steam dragon claws you.
The jackal closely misses you. The steam dragon barely misses you.
The steam dragon claws you.
You shoot a sling bullet. The sling bullet hits the steam dragon.
The sling bullet burns the steam dragon.
The steam dragon is almost dead.
You are engulfed in a cloud of scalding steam.
Ouch! That really hurt!
The steam dragon bites you!
* * * LOW HITPOINT WARNING * * *
The steam dragon closely misses you. The jackal closely misses you.
You are too injured to fight recklessly!
Fire: u) +8 sling of Apeoromancy {flame, Fragile rN+ Dex+4, Cun, Range} (curse)
Press: ? - help, Q - select action, (/) - cycle Shift-Dir - straight line, f/p - steam dragon
Aim: a steam dragon (steam, almost dead, 68% to hit)
You shoot a sling bullet.
The sling bullet closely misses the steam dragon.
The sling bullet completely misses the jackal.
The steam dragon bites you.
* * * LOW HITPOINT WARNING * * *
The steam dragon closely misses you.
Fire: u) +8 sling of Apeoromancy {flame, Fragile rN+ Dex+4, Cun, Range} (curse)
Press: ? - help, Q - select action, (/) - cycle Shift-Dir - straight line, f/p - steam dragon
Aim: a steam dragon (almost dead, 68% to hit)
You shoot a sling bullet.
The sling bullet hits the steam dragon but does no damage.
The steam dragon is almost dead.
The steam dragon breathes steam at you. The ball of steam hits you!!
The steam scalds you terribly!
Ouch! That really hurt!
You die...

#...# #. ## ###.# #. ..
#.# ## #. #.# # #. #.# ##
###. ###.# ##. . ...
##.#.# ##..
#...##h########....###...
......hD@............'...
#...##J######.#...####...
# #. #>##.## ##.. #.
#.#### ##. #. #####.#####
## #. #.........# # ..
#.###.###.# ## #.# #.#
#.# #.# #.###.#######


You could see a steam dragon (catching breath), an endoplasm and 2 jackals.

Vanquished Creatures
  A hound (D:4)
  An iguana (D:4)
  An adder (D:2)
  4 worms
  2 dart slugs
  An orc (D:4)
  2 ball pythons (D:2)
  5 endoplasms
  A giant cockroach (D:2)
  12 goblins
  6 hobgoblins
  3 jackals (D:2)
  3 quokkas
  5 bats
  2 frilled lizards (D:1)
  10 kobolds
  5 rats
64 creatures vanquished.

Vanquished Creatures (collateral kills)
  A dart slug (D:1)
  A ball python (D:1)
  An endoplasm (D:1)
  A goblin (D:3)
4 creatures vanquished.

Grand Total: 68 creatures vanquished

Notes
Turn   | Place    | Note
-------+----------+-------------------------------------------
     0 | D:1      | McGhostyFace the Gnoll Wanderer began the quest for the
                  | Orb.
     0 | D:1      | McGhostyFace set off with the following items: a +0 dagger,
                  | 4 throwing nets, a potion of curing, a scroll of fear, a +0
                  | leather armour; and the following spell memorised:
                  | Necrotise; and the following spells available to memorise:
                  | Vampiric Draining.
     0 | D:1      | Reached XP level 1. HP: 20/20 MP: 4/4
   116 | D:1      | Reached XP level 2. HP: 26/26 MP: 5/5
   658 | D:1      | Reached XP level 3. HP: 28/31 MP: 5/7
   663 | D:1      | Noticed a shining eye
   724 | D:1      | Noticed a golden eye
   726 | D:1      | Found a faded altar of an unknown god.
   728 | D:1      | Noticed a floating eye
   728 | D:1      | Noticed a golden eye
   877 | D:1      | Prayed at the altar of an unknown god.
   877 | D:1      | Became a worshipper of Ashenzari the Shackled
  1014 | D:2      | Reached skill level 1 in Invocations
  1185 | D:2      | Reached skill level 1 in Short Blades
  1185 | D:2      | Reached skill level 1 in Long Blades
  1185 | D:2      | Reached skill level 1 in Axes
  1185 | D:2      | Reached skill level 1 in Maces & Flails
  1185 | D:2      | Reached skill level 1 in Polearms
  1185 | D:2      | Reached skill level 1 in Staves
  1185 | D:2      | Reached skill level 1 in Ranged Weapons
  1185 | D:2      | Reached skill level 1 in Throwing
  1185 | D:2      | Reached skill level 1 in Shields
  1185 | D:2      | Reached skill level 1 in Unarmed Combat
  1185 | D:2      | Reached skill level 1 in Evocations
  1388 | D:2      | Reached XP level 4. HP: 31/38 MP: 0/8
  1836 | D:3      | Reached skill level 1 in Conjurations
  1836 | D:3      | Reached skill level 1 in Hexes
  1836 | D:3      | Reached skill level 1 in Summonings
  1836 | D:3      | Reached skill level 1 in Translocations
  1836 | D:3      | Reached skill level 1 in Transmutations
  1836 | D:3      | Reached skill level 1 in Fire Magic
  1836 | D:3      | Reached skill level 1 in Ice Magic
  1836 | D:3      | Reached skill level 1 in Air Magic
  1836 | D:3      | Reached skill level 1 in Earth Magic
  1836 | D:3      | Reached skill level 1 in Poison Magic
  1905 | D:3      | Identified the +8 sling of Vahoh {flame, Fragile rN+ Dex+4}
  2239 | D:4      | Reached XP level 5. HP: 43/43 MP: 9/9
  2301 | D:4      | Reached * piety under Ashenzari
  2423 | D:4      | Found a staircase to the Ecumenical Temple.
  2616 | D:4      | Noticed a steam dragon
  2624 | D:4      | Killed from afar by a steam dragon

Illustrated notes

Levels and vault maps discovered:
D:1:      mainiacjoe_arrival_reflecting_pool, layout_basic,
          hellmonk_ecumenical_altar_watching_god, grunt_decor_resistance
D:2:      layout_basic, kennysheep_generic_room_7
D:3:      layout_rooms, chequers_serial_rivers_small_3
D:4:      layout_loops_corners, minmay_temple_entry_glass, due_unseen_surprise

Skill      XL: |  1  2  3  4  5 |
---------------+----------------+-----
Necromancy     | 2 |  2.4
Invocations    | 1 |  1.7
Short Blades   | 1 |  1.5
Long Blades    | 1 |  1.5
Axes           | 1 |  1.5
Maces & Flails | 1 |  1.5
Polearms       | 1 |  1.5
Staves         | 1 |  1.5
Ranged Weapons | 1 |  1.5
Throwing       | 1 |  1.5
Shields        | 1 |  1.5
Unarmed Combat | 1 |  1.5
Evocations     | 1 |  1.5
Spellcasting   | 3 |  3.2
Conjurations   | 1 |  1.2
Hexes          | 1 |  1.2
Summonings     | 1 |  1.2
Translocations | 1 |  1.2
Transmutations | 1 |  1.2
Fire Magic     | 1 |  1.2
Ice Magic      | 1 |  1.2
Air Magic      | 1 |  1.2
Earth Magic    | 1 |  1.2
Poison Magic   | 1 |  1.2
Armour         | 3 |  3.0
Fighting       | |  4.8
Dodging        | |  6.7
Stealth        | |  4.4

Action                   |  1- 3 |  4- 6 || total
-------------------------+-------+-------++-------
Melee: Dagger            |    19 |       ||    19
       Short sword       |    99 |    43 ||   142
       Bite              |    13 |     2 ||    15
       Punch             |     1 |     1 ||     2
 Fire: Sling             |       |    31 ||    31
Throw: Throwing net      |       |     3 ||     3
 Cast: Necrotise         |    28 |     8 ||    36
Invok: Curse Item        |       |     2 ||     2
 Stab: Sleeping          |     7 |     2 ||     9
       Held in net/web   |       |     3 ||     3
Armor: Leather armour    |    41 |     5 ||    46
Dodge: Dodged            |   101 |    26 ||   127

Table legend: (Time is in decaauts)
 A = Elapsed time spent in this place.
 B = Non-inter-level travel time spent in this place.
 C = Inter-level travel time spent in this place.
 D = Time resting spent in this place.
 E = Time spent auto-exploring this place.
 F = Levels seen in this place.
 G = Mean time per level.
                   A        B        C        D        E       F      G
               +--------+--------+--------+--------+--------+-----+--------+
         Total |   2629 |   2541 |     88 |    466 |   1464 |   4 |  657.2 |
       Dungeon |   2629 |   2541 |     88 |    466 |   1464 |   4 |  657.2 |
               +--------+--------+--------+--------+--------+-----+--------+

Top non-repeatable levels by time:
     D:1: 1023 daAuts
     D:2: 791 daAuts
     D:4: 407 daAuts
     D:3: 407 daAuts
